 Dungeon Crawl Stone Soup version 0.23-a0-550-g7de1f8e (webtiles) character file.

343 Lavandula the Slicer (level 6, 0/54 HPs)
             Began as a Halfling Enchanter on Dec 9, 2018.
             Was a Believer of Ru.
             Shot with an arrow by a centaur (11 damage)
             ... on level 4 of the Dungeon.
             The game lasted 00:10:31 (2481 turns).

Lavandula the Slicer (Halfling Enchanter)           Turns: 2481, Time: 00:10:32

Health: 0/54       AC:  3    Str: 14    XL:     6   Next: 88%
Magic:  8/8        EV: 15    Int: 15    God:    Ru [**....]
Gold:   63         SH:  0    Dex: 15    Spells: 2/8 levels left

rFire    . . .     SeeInvis .   f - +1 dagger (venom)
rCold    . . .     Gourm    .   (shield restricted)
rNeg     . . .     Faith    .   b - +0 robe
rPois    .         Spirit   .   (no helmet)
rElec    .         Reflect  .   (no cloak)
rCorr    .         Harm     .   (no gloves)
MR       .....                  i - +0 pair of boots
Stlth    ..........             x - amulet of rage
HPRegen  0.18/turn              (no ring)
MPRegen  0.11/turn              (no ring)

@: berserking, flying, slowed
A: small, mutation resistance 1, inexperienced 1
a: Renounce Religion, Evoke Berserk Rage


You were on level 4 of the Dungeon.
You worshipped Ru.
Ru was pleased with you.
You were not hungry.

You visited 1 branch of the dungeon, and saw 5 of its levels.
You also visited: Ossuary.

You collected 105 gold pieces.
You spent 42 gold pieces at shops.

Inventory:

Hand Weapons
 f - a +1 dagger of venom (weapon)
Missiles
 k - 5 tomahawks (quivered)
Armour
 b - a +0 robe (worn)
 i - a +0 pair of boots (worn)
Jewellery
 m - an uncursed ring of fire
 x - an amulet of rage (around neck)
 y - an uncursed ring of fire
Scrolls
 c - 3 scrolls of identify {unknown}
 e - 2 scrolls of teleportation {unknown}
 g - 2 scrolls of fear {unknown}
 h - 3 scrolls of remove curse {unknown}
 n - a scroll of amnesia {unknown}
 o - a scroll of brand weapon {unknown}
 r - 3 scrolls of fog {unknown}
 w - a scroll of enchant armour {unknown}
Potions
 a - a potion of agility {unknown}
 j - 3 potions of curing
 l - a potion of lignification {unknown}
 p - 2 potions of haste {unknown}
 q - 2 potions of flight
 s - a potion of resistance
 t - a potion of degeneration {unknown}
 u - a potion of berserk rage
 v - a potion of magic {unknown}
Comestibles
 d - a ration


   Skills:
 + Level 8.2 Short Blades
 - Level 2.9 Throwing
 - Level 2.2 Dodging
 - Level 3.5 Stealth
 - Level 1.5 Spellcasting
 - Level 2.4 Hexes


You had 2 spell levels left.
You knew the following spells:

 Your Spells              Type           Power        Failure   Level  Hunger
a - Corona                Hex            #......      9%          1    ##.....
b - Ensorcelled Hibernat  Hex/Ice        #.....       22%         2    ###....
c - Dazzling Spray        Conj/Hex       #.....       38%         3    ####...

Your spell library contained the following spells:

 Spells                   Type           Power        Failure   Level  Hunger
 Confuse                  Hex            #.......     26%         3    ####...
 Tukima's Dance           Hex            #.......     26%         3    ####...


Dungeon Overview and Level Annotations

Branches:
Dungeon (5/15)
 Temple: D:4-7

Altars:
Ru
Wu Jian

Shops:
D:4 *


Innate Abilities, Weirdness & Mutations

You are small and have problems with some larger weapons.
You are somewhat resistant to further mutation.
You are somewhat inexperienced. (-2 XL)


Message History

The orc wizard blinks!
The orc hits you but does no damage. The orc barely misses you.
You see here an arrow.
The orc wizard casts a spell at you.
You feel yourself slow down.
Okay, then.
It was a potion of flight.
You feel very buoyant.
You fly up into the air.
The orc closely misses you.
It was a potion of berserk rage.
A red film seems to cover your vision as you go berserk!
You feel yourself moving faster!
You feel mighty!
The orc is stunned by your will and fails to attack.
The orc hits you with a +0 mace.
* * * LOW HITPOINT WARNING * * *
The orc closely misses you. The orc barely misses you.
You puncture the orc!
You kill the orc!
The centaur shoots an arrow.
The arrow hits you!
You die...

... .# #... #.#.. ..##.#
#... #.#.. #.##.######
#... .... #..........
#... .###..##.........
#... ...............?.
..#...
........co#%#######.....
.......)o>..............
#......@o.#(####........
#.######..#.............
#(.....#....#####
#..###.#....#####
.#...oo...........
#.........†....##...
#..#.####o##...#....
....#.# #.##...#....
.... .. #.##........


You could see a centaur, an orc wizard and 2 orcs.

Vanquished Creatures
  A wraith (Ossuary)
  Blork the orc (D:4)
  A scorpion (D:4)
  A crimson imp (D:4)
  A hound (D:4)
  An orc wizard (D:2)
  3 worker ants (D:4)
  2 big kobold zombies (Ossuary)
  3 mummies (Ossuary)
  4 adders
  An adder skeleton (D:4)
  A worm (D:4)
  2 dart slugs (D:1)
  3 leopard geckos
  2 orcs (D:4)
  5 bats
  A giant cockroach (D:1)
  A gnoll zombie (Ossuary)
  3 hobgoblins
  6 kobolds
  A frilled lizard (D:2)
  2 goblins
  3 goblin zombies (Ossuary)
  2 hobgoblin zombies (Ossuary)
  A jackal skeleton (D:4)
  2 kobold zombies (Ossuary)
  2 rats (D:1)
56 creatures vanquished.

Notes
Turn   | Place    | Note
-------+----------+-------------------------------------------
     0 | D:1      | Lavandula the Halfling Enchanter began the quest for the
                  | Orb.
     0 | D:1      | Reached XP level 1. HP: 11/11 MP: 3/3
    95 | D:2      | Found a sacrificial altar of Ru.
   106 | D:2      | Reached skill level 2 in Short Blades
   106 | D:2      | Reached XP level 2. HP: 6/17 MP: 4/4
   133 | D:2      | Reached skill level 3 in Short Blades
   133 | D:2      | Reached XP level 3. HP: 2/21 MP: 5/5
   136 | D:2      | Became a worshipper of Ru the Awakened
   527 | D:2      | Reached skill level 4 in Short Blades
   527 | D:2      | Reached XP level 4. HP: 13/27 MP: 6/6
   778 | D:1      | Learned a level 2 spell: Ensorcelled Hibernation
   782 | D:1      | Learned a level 3 spell: Dazzling Spray
   887 | D:2      | Found an ornate altar of the Wu Jian Council.
   976 | D:3      | Reached skill level 5 in Short Blades
  1024 | D:4      | Reached XP level 5. HP: 31/31 MP: 7/7
  1152 | D:4      | Reached skill level 6 in Short Blades
  1158 | D:4      | Noticed Blork the orc
  1166 | D:4      | Reached XP level 6. HP: 28/36 MP: 3/8
  1222 | D:4      | Killed Blork the orc
  1222 | D:4      | Reached skill level 7 in Short Blades
  1263 | D:4      | Found Zuits's Assorted Antiques.
  1266 | D:4      | Bought a scroll labeled LIARPH IQUSHRO for 21 gold pieces
  1266 | D:4      | Bought a scroll labeled AXIAQ PATZUA for 21 gold pieces
  1288 | D:5      | Entered Level 5 of the Dungeon
  1310 | D:5      | Gained mutation: You are somewhat inexperienced. (-2 XL)
                  | [Ru sacrifice]
  1310 | D:5      | Reached XP level 5. HP: 24/31 MP: 7/7
  1310 | D:5      | Reached XP level 4. HP: 24/27 MP: 6/6
  1310 | D:5      | Reached * piety under Ru
  1310 | D:5      | Reached ** piety under Ru
  1312 | D:5      | Found a sand-covered staircase.
  1325 | Ossuary  | Entered an ossuary
  1325 | Ossuary  | Noticed a wraith
  1325 | Ossuary  | Noticed a wraith
  1325 | Ossuary  | Noticed a wraith
  1449 | Ossuary  | Reached XP level 5. HP: 11/31 MP: 7/7
  1944 | Ossuary  | Reached skill level 8 in Short Blades
  2195 | Ossuary  | Noticed a wraith
  2275 | Ossuary  | Killed a wraith
  2275 | Ossuary  | Reached XP level 6. HP: 36/36 MP: 8/8
  2279 | Ossuary  | good
  2481 | D:4      | Shot with an arrow by a centaur

Vault maps used:
D:1:      lemuel_arrival_hallway, minmay_pentomino_r4
D:2:      lemuel_coloured_pillars_altar, nicolae_ru_great_annihilating_truth
D:3:      cheibrodos_gnoll_hut, uniq_terence, uniq_robin
D:4:      evilmike_ruin_ashenzari, marbit_many_paths, serial_shops,
          nicolae_shop_behind_doors, uniq_blork_the_orc
D:5:      kennysheep_little_box, minmay_temple_entry_crystal_x, enter_ossuary_3,
          first_ration
Ossuary:  ossuary_kennysheep_city_of_the_dead

Skill      XL: |  1  2  3  4  5  6 |
---------------+-------------------+-----
Short Blades   | 2 3 4 5 8 7 |  8.2
Throwing       | 2 |  2.9
Dodging        | |  2.2
Stealth        | |  3.5
Spellcasting   | |  1.5
Hexes          | |  2.4

Action                   |  1- 3 |  4- 6 || total
-------------------------+-------+-------++-------
Melee: Dagger            |    70 |   209 ||   279
Throw: Tomahawk          |       |     1 ||     1
 Cast: Corona            |       |     2 ||     2
       Dazzling Spray    |       |     2 ||     2
       Ensorcelled Hiber |       |     4 ||     4
Invok: Sacrifice Experie |       |     1 ||     1
  Use: Potion            |       |     3 ||     3
 Stab: Sleeping          |     2 |     9 ||    11
       Paralysed         |     1 |       ||     1
       Invisible         |       |     1 ||     1
  Eat: Chunk             |       |     3 ||     3
       Ration            |       |     1 ||     1
Armor: Robe              |     8 |    15 ||    23
Dodge: Dodged            |    46 |    90 ||   136

Table legend:
 A = Non-vault XP
 B = Vault XP
 C = Vault XP percentage of total XP
 D = Non-vault monster count
 E = Vault monster count
 F = Vault count percentage of total count
                 A         B        C        D         E       F
            +---------+---------+-------+---------+---------+-------
      Total |     350 |     474 |  57.5 |      33 |      23 |  41.1
            +---------+---------+-------+---------+---------+-------
        D:1 |      23 |       6 |  20.7 |      11 |       4 |  26.7
        D:2 |      33 |      58 |  63.7 |       6 |       4 |  40.0
        D:3 |      16 |       0 |   0.0 |       3 |       0 |   0.0
        D:4 |     278 |      91 |  24.7 |      13 |       1 |   7.1
    Ossuary |       0 |     319 | 100.0 |       0 |      14 | 100.0
            +---------+---------+-------+---------+---------+-------
